 Dungeon Crawl Stone Soup version 0.19.5 (webtiles) character file.

1502 JeffiDaFish the Stinger (level 8, 0/45 HPs)
             Began as a Gargoyle Venom Mage on Mar 11, 2017.
             Was an Initiate of Vehumet.
             Slain by an orc warrior
             ... wielding a +0 glaive
              (22 damage)
             ... on level 6 of the Dungeon.
             The game lasted 00:24:01 (7281 turns).

JeffiDaFish the Stinger (Gargoyle Venom Mage)       Turns: 7281, Time: 00:24:02

Health: 0/45       AC: 11    Str: 12    XL:     8   Next: 82%
Magic:  2/14       EV: 13    Int: 16    God:    Vehumet [......]
Gold:   156        SH:  0    Dex: 12    Spells: 4 memorised, 6 levels left

rFire  . . .     SeeInvis .     g - +1 spear
rCold  . . .     Gourm    .     h - +2 leather armour
rNeg   + . .     Faith    .     (no shield)
rPois  ∞         Spirit   .     (no helmet)
rElec  +         Reflect  .     (no cloak)
rCorr  .         Harm     .     (no gloves)
MR     .....                    i - +0 pair of boots
Stlth  ++........               (no amulet)
                                (no ring)
                                (no ring)

@: very slightly contaminated
A: negative energy resistance 1, electricity resistance, unbreathing,
petrification resistance, rot immunity, AC +5
a: Renounce Religion


You were on level 6 of the Dungeon.
You worshipped Vehumet.
Vehumet was noncommittal.
You were very hungry.

You visited 2 branches of the dungeon, and saw 7 of its levels.
You also visited: Sewer.

You collected 156 gold pieces.

Inventory:

Hand Weapons
 g - a +1 spear (weapon)
Armour
 h - a +2 leather armour (worn)
 i - a +0 pair of boots (worn)
Scrolls
 e - 4 scrolls of identify
 m - 2 scrolls of remove curse
 o - 2 scrolls of recharging
Potions
 p - a potion of flight
Books
 b - a Young Poisoner's Handbook

   Spells                             Type                      Level
   a - Sting                          Conjuration/Poison           1
   b - Mephitic Cloud                 Conjuration/Poison/Air       3
   c - Olgreb's Toxic Radiance        Poison                       4
   d - Alistair's Intoxication        Transmutation/Poison         5
   e - Venom Bolt                     Conjuration/Poison           5
 f - a book of Misfortune

   Spells                             Type                      Level
   a - Confusing Touch                Hexes                        1
   b - Confuse                        Hexes                        3
   c - Gell's Gravitas                Hexes/Translocation          3
   d - Petrify                        Transmutation/Earth          4
   e - Metabolic Englaciation         Hexes/Ice                    5
   f - Yara's Violent Unravelling     Hexes/Transmutation          5
Comestibles
 a - 2 beef jerkies
 c - 5 bread rations
 j - 2 meat rations
 k - 9 chunks of flesh
 l - 4 fruits


   Skills:
 + Level 2.7 Fighting
   Level 0.0 Short Blades
 + Level 2.3 Polearms
 * Level 3.8 Dodging
 - Level 2.1 Stealth
 * Level 4.3 Spellcasting
 * Level 4.3 Conjurations
 + Level 2.1 Translocations
 + Level 2.5 Air Magic
 * Level 6.3 Poison Magic


You had 6 spell levels left.
You knew the following spells:

 Your Spells              Type           Power        Failure   Level  Hunger
a - Sting                 Conj/Pois      ###.         2%          1    None
b - Mephitic Cloud        Conj/Pois/Air  ###.....     14%         3    ###....
c - Apportation           Tloc           ##........   12%         1    None
d - Olgreb's Toxic Radia  Pois           ###.....     17%         4    ####...


Dungeon Overview and Level Annotations

Branches:
Dungeon (6/15)             Temple (1/1) D:5

Altars:
Dithmenos
Elyvilon
Hepliaklqana
Kikubaaqudgha
Makhleb
Nemelex Xobeh
Qazlal
Uskayaw
Vehumet
Yredelemnul
Zin
The Shining One


Innate Abilities, Weirdness & Mutations

You are resistant to torment.
Your stone body is resilient. (AC +5)
You are immune to poison.
You resist negative energy. (rN+)
You are resistant to electric shocks. (rElec)
You can survive without breathing.
You are immune to petrification.
You are immune to rotting.


Message History

You are momentarily dazzled by a flash of light!
The hound closely misses you. The hound barely misses you.
The hound misses you. The hound closely misses you.
You hit the hound.
The hound is lightly wounded.
The hound bites you. The orc warrior misses you.
You completely miss the hound.
The hound is lightly wounded.
The hound closely misses you. x2
The orc warrior hits you from afar with a glaive!
You hit the hound.
The hound is moderately wounded.
The hound closely misses you. The hound bites you but does no damage.
You closely miss the hound.
The hound is moderately wounded.
The hound bites you but does no damage.
The orc warrior hits you from afar with a glaive!!
You die...

#....# #..#.# #....####
#..#(# .......# #..#.#
##......# ########..#.#
##.......+ ............#
#........# ########..###
.........# #..#
......#############..#
.....[........oh@....#
...#...######o######.#
.......# #........#
...#...# #.########
.......######.####
.....>...........#
.......######.##.#
...#......###.##.########
.........................


You could see an orc warrior, a hound and an orc.

Vanquished Creatures
  The ghost of Psyclone the Conjurer, an amateur DEFE (D:5)
  Eustachio (D:4)
  2 ogres
  A big kobold (Sewer)
  3 scorpions
  A crimson imp (D:5)
  4 hounds
  An orc priest (D:5)
  A jelly (D:5)
  4 orc wizards
  2 gnoll shamans
  Jessica (D:2)
  2 iguanas (D:5)
  4 worker ants
  A worker ant zombie (D:5)
  5 adders
  3 gnolls (D:6)
  A river rat (Sewer)
  An adder skeleton (D:4)
  3 worms
  5 leopard geckos
  19 orcs
  3 ball pythons
  7 bats
  9 giant cockroaches
  9 goblins
  12 hobgoblins
  15 jackals
  12 kobolds
  3 quokkas
  8 frilled lizards
  A jackal skeleton (D:4)
  14 rats
159 creatures vanquished.

Vanquished Creatures (collateral kills)
  An adder (D:4)
1 creature vanquished.

Grand Total: 160 creatures vanquished

Notes
Turn   | Place    | Note
-------+----------+-------------------------------------------
     0 | D:1      | JeffiDaFish the Gargoyle Venom Mage began the quest for the Orb.
     0 | D:1      | Reached XP level 1. HP: 10/10 MP: 3/3
   313 | D:1      | Reached XP level 2. HP: 12/15 MP: 1/5
   806 | D:1      | Reached XP level 3. HP: 19/19 MP: 6/6
   909 | D:1      | Reached skill level 1 in Conjurations
   999 | D:1      | Learned a level 3 spell: Mephitic Cloud
  1902 | D:2      | Reached XP level 4. HP: 24/24 MP: 5/7
  1917 | D:2      | Found a stormy altar of Qazlal.
  2013 | D:2      | Reached skill level 1 in Air Magic
  2219 | D:2      | Noticed Jessica
  2230 | D:2      | Killed Jessica
  2737 | D:3      | Reached XP level 5. HP: 25/28 MP: 4/8
  3239 | D:3      | Learned a level 1 spell: Apportation
  3244 | D:3      | Learned a level 4 spell: Olgreb's Toxic Radiance
  3562 | D:4      | Reached skill level 1 in Fighting
  3874 | D:4      | Noticed Eustachio
  3901 | D:4      | Killed Eustachio
  3901 | D:4      | Reached skill level 1 in Polearms
  3901 | D:4      | Reached skill level 5 in Poison Magic
  3901 | D:4      | Reached XP level 6. HP: 14/35 MP: 1/10
  3940 | D:4      | Reached skill level 1 in Translocations
  4052 | D:4      | Reached XP level 7. HP: 26/39 MP: 2/11
  4685 | D:5      | Entered Level 5 of the Dungeon
  4959 | D:5      | Reached XP level 8. HP: 43/45 MP: 13/13
  5021 | D:5      | Found a glowing drain.
  5027 | Sewer    | Entered a sewer
  5214 | Sewer    | Found a white marble altar of Elyvilon.
  5348 | D:5      | Found a hazy altar of Hepliaklqana.
  5382 | D:5      | Noticed Psyclone's ghost (amateur DEFE)
  5570 | D:5      | Found a staircase to the Ecumenical Temple.
  5881 | D:5      | Killed Psyclone's ghost
  6148 | Temple   | Entered the Ecumenical Temple
  6208 | Temple   | Became a worshipper of Vehumet
  6251 | D:5      | Reached skill level 6 in Poison Magic
  7281 | D:6      | Slain by an orc warrior

Skill      XL: |  1  2  3  4  5  6  7  8 |
---------------+-------------------------+-----
Dodging        | 2 3 |  3.8
Conjurations   | 1 2 3 4 |  4.3
Air Magic      | 1 2 |  2.5
Fighting       | 1 2 |  2.7
Polearms       | 1 2 |  2.3
Poison Magic   | 5 6 |  6.3
Spellcasting   | 3 4 |  4.3
Translocations | 1 2 |  2.1
Stealth        | |  2.1

Action                   |  1- 3 |  4- 6 |  7- 9 || total
-------------------------+-------+-------+-------++-------
Melee: Spear             |   151 |   181 |   352 ||   684
       Dagger            |     6 |       |       ||     6
 Cast: Sting             |    41 |    36 |    22 ||    99
       Mephitic Cloud    |       |    11 |    15 ||    26
       Olgreb's Toxic Ra |       |       |     4 ||     4
  Use: Scroll            |     5 |     8 |     3 ||    16
       Potion            |     3 |     2 |     5 ||    10
 Stab: Sleeping          |     4 |     1 |     3 ||     8
       Confused          |       |     5 |    16 ||    21
       Distracted        |       |       |     1 ||     1
  Eat: Chunk             |     4 |     9 |    13 ||    26
Armor: Robe              |    37 |       |       ||    37
       Leather armour    |     5 |    59 |   100 ||   164
Dodge: Dodged            |   112 |    75 |   136 ||   323
